[ AOE2 MATCH · #508202153 ]
UnrankedGoths vs Romans
Player's team · WIN
Rival team · LOSS
[ REPLAY ANALYSIS · EXTRACTED FROM THE RECORDED GAME ]
Feudal
13:04
Castle
22:55
Imperial
—
| APM avg | 26.7 |
| APM peak | 57 |
| eAPM avg | 17.2 |
| Villagers / military | 108 / 140 |
Focus
⚔️ 41.8% · 🌾 58.2%
Spearman ×69 · Huskarl ×29 · Battering Ram ×15 · Skirmisher ×12 · Archer ×8 · Militia ×4
Feudal
9:24
Castle
25:42
Imperial
40:07
| APM avg | 34.8 |
| APM peak | 84 |
| eAPM avg | 22.5 |
| Villagers / military | 156 / 94 |
Focus
⚔️ 30.5% · 🌾 69.5%
Knight ×32 · Archer ×26 · Scorpion ×13 · Centurion ×8 · Monk ×4 · Skirmisher ×4
Match map
Initial resources + every placement click. Lines = walls · curves = elevation contours. ◆ gold · ⬟ stone · ● berries · ✦ relic · ◌ wall gap
Your base· Open — 12t gap
TheMangledBadger's base· ✓ Closed at 25:42 · 33t walls · 1 gate(s)
Smoothed initial terrain · ◌ = detected wall gap · hover for details
Inputs per minute
— 帝国的铁汉 - - TheMangledBadger
Build order — 帝国的铁汉
First 150 of 358 actions detected
| 0:02 | Build | House |
| 0:04 | Build | House |
| 0:04 | Queue | Villager (Male) |
| 0:04 | Queue | Villager (Male) |
| 0:05 | Queue | Villager (Male) |
| 0:05 | Queue | Villager (Male) |
| 1:29 | Queue | Villager (Male) |
| 1:50 | Build | Lumber Camp |
| 1:54 | Queue | Villager (Male) |
| 2:24 | Queue | Villager (Male) |
| 2:25 | Queue | Villager (Male) |
| 2:42 | Queue | Villager (Male) |
| 2:42 | Queue | Villager (Male) |
| 3:21 | Queue | Villager (Male) |
| 3:37 | Queue | Villager (Male) |
| 3:38 | Queue | Villager (Male) |
| 3:56 | Research | Loom |
| 4:20 | Queue | Villager (Male) |
| 4:25 | Queue | Villager (Male) |
| 4:40 | Build | House |
| 4:52 | Build | Barracks |
| 5:05 | Queue | Villager (Male) |
| 5:27 | Build | House |
| 5:33 | Queue | Villager (Male) |
| 5:38 | Queue | Militia |
| 5:42 | Queue | Villager (Male) |
| 5:44 | Queue | Militia |
| 6:05 | Queue | Villager (Male) |
| 6:37 | Queue | Villager (Male) |
| 6:52 | Queue | Militia |
| 6:54 | Build | House |
| 6:56 | Queue | Villager (Male) |
| 7:22 | Build | Mill |
| 7:31 | Queue | Villager (Male) |
| 7:40 | Queue | Villager (Male) |
| 8:02 | Queue | Villager (Male) |
| 8:11 | Queue | Villager (Male) |
| 8:16 | Build | Farm |
| 8:33 | Queue | Villager (Male) |
| 8:42 | Queue | Villager (Male) |
| 8:45 | Build | House |
| 9:00 | Build | Mining Camp |
| 9:08 | Build | Farm |
| 9:11 | Build | Farm |
| 9:15 | Build | Farm |
| 9:20 | Build | Farm |
| 9:21 | Queue | Villager (Male) |
| 9:38 | Queue | Villager (Male) |
| 10:18 | Build | Farm |
| 10:22 | Build | Farm |
| 10:54 | Research | Feudal Age |
| 11:41 | Build | Palisade Wall |
| 12:10 | Queue | Villager (Male) |
| 12:28 | Queue | Villager (Male) |
| 12:34 | Queue | Villager (Male) |
| 13:04 | Age | Feudal Age |
| 13:08 | Build | Archery Range |
| 13:11 | Build | Blacksmith |
| 13:12 | Queue | Villager (Male) |
| 13:26 | Build | Archery Range |
| 13:55 | Research | Double-Bit Axe |
| 13:56 | Queue | Archer |
| 14:23 | Queue | Archer |
| 14:25 | Build | House |
| 14:31 | Queue | Villager (Male) |
| 14:38 | Build | House |
| 14:46 | Research | Fletching |
| 14:50 | Queue | Skirmisher |
| 14:55 | Build | House |
| 15:03 | Queue | Archer |
| 15:05 | Queue | Villager (Male) |
| 15:10 | Build | Mill |
| 15:13 | Queue | Villager (Male) |
| 15:18 | Research | Padded Archer Armor |
| 15:25 | Queue | Skirmisher |
| 15:27 | Build | House |
| 15:35 | Queue | Archer |
| 15:36 | Queue | Villager (Male) |
| 15:55 | Queue | Archer |
| 15:58 | Queue | Archer |
| 16:00 | Queue | Villager (Male) |
| 16:15 | Queue | Villager (Male) |
| 16:19 | Build | Farm |
| 16:22 | Build | Farm |
| 16:24 | Queue | Villager (Male) |
| 16:26 | Queue | Skirmisher |
| 16:27 | Queue | Villager (Male) |
| 16:44 | Build | Mining Camp |
| 16:54 | Queue | Villager (Male) |
| 17:10 | Queue | Villager (Male) |
| 17:43 | Queue | Villager (Male) |
| 17:55 | Queue | Archer |
| 17:55 | Queue | Archer |
| 17:59 | Queue | Skirmisher |
| 17:59 | Queue | Skirmisher |
| 18:07 | Queue | Skirmisher |
| 18:08 | Queue | Skirmisher |
| 18:32 | Queue | Skirmisher |
| 18:48 | Queue | Skirmisher |
| 18:50 | Queue | Skirmisher |
| 18:58 | Build | Watch Tower |
| 19:17 | Queue | Villager (Male) |
| 19:21 | Queue | Skirmisher |
| 19:22 | Queue | Skirmisher |
| 19:29 | Queue | Villager (Male) |
| 19:46 | Queue | Villager (Male) |
| 20:15 | Research | Castle Age |
| 20:24 | Build | Farm |
| 20:27 | Build | Farm |
| 20:55 | Build | House |
| 21:12 | Research | Stone Mining |
| 21:14 | Research | Horse Collar |
| 21:18 | Build | House |
| 21:21 | Build | House |
| 21:47 | Build | Palisade Wall |
| 21:51 | Build | Palisade Wall |
| 22:13 | Research | Gold Mining |
| 22:36 | Build | House |
| 22:55 | Age | Castle Age |
| 23:01 | Research | Elite Skirmisher (upgrade) |
| 23:05 | Build | Palisade Wall |
| 23:53 | Queue | Villager (Male) |
| 24:08 | Build | Castle |
| 24:19 | Queue | Villager (Male) |
| 24:31 | Queue | Villager (Male) |
| 24:47 | Queue | Villager (Male) |
| 24:58 | Build | Town Center |
| 25:01 | Build | Lumber Camp |
| 25:17 | Research | Bodkin Arrow |
| 25:25 | Research | Wheelbarrow |
| 25:32 | Build | Palisade Wall |
| 25:34 | Build | Palisade Gate |
| 25:39 | Queue | Villager (Male) |
| 25:44 | Build | Mining Camp |
| 26:10 | Queue | Villager (Male) |
| 26:14 | Queue | Villager (Male) |
| 26:14 | Queue | Villager (Male) |
| 26:16 | Build | Farm |
| 26:16 | Build | Farm |
| 26:17 | Build | Farm |
| 26:17 | Build | Farm |
| 26:17 | Build | Farm |
| 26:20 | Build | Farm |
| 26:22 | Queue | Villager (Male) |
| 26:27 | Build | Farm |
| 26:53 | Queue | Villager (Male) |
| 26:55 | Queue | Huskarl |
| 27:10 | Queue | Huskarl |
| 27:23 | Build | Barracks |
| 27:26 | Research | Squires |
Build order — TheMangledBadger
First 150 of 418 actions detected
| 0:01 | Queue | Villager (Male) |
| 0:01 | Queue | Villager (Male) |
| 0:02 | Build | House |
| 0:04 | Build | House |
| 0:18 | Queue | Villager (Male) |
| 0:19 | Queue | Villager (Male) |
| 1:37 | Queue | Villager (Male) |
| 1:37 | Queue | Villager (Male) |
| 1:57 | Queue | Villager (Male) |
| 1:57 | Queue | Villager (Male) |
| 2:23 | Build | Lumber Camp |
| 2:28 | Queue | Villager (Male) |
| 2:28 | Queue | Villager (Male) |
| 2:28 | Queue | Villager (Male) |
| 3:31 | Queue | Villager (Male) |
| 3:32 | Queue | Villager (Male) |
| 3:32 | Queue | Villager (Male) |
| 3:41 | Queue | Villager (Male) |
| 3:41 | Queue | Villager (Male) |
| 4:24 | Queue | Villager (Male) |
| 4:25 | Queue | Villager (Male) |
| 4:35 | Queue | Villager (Male) |
| 4:42 | Research | Loom |
| 4:47 | Build | House |
| 4:49 | Build | Palisade Wall |
| 4:52 | Queue | Villager (Male) |
| 5:39 | Build | Mill |
| 5:52 | Queue | Villager (Male) |
| 5:59 | Queue | Villager (Male) |
| 6:31 | Queue | Villager (Male) |
| 6:48 | Build | Palisade Wall |
| 6:56 | Queue | Villager (Male) |
| 7:14 | Research | Feudal Age |
| 7:15 | Research | Feudal Age |
| 8:01 | Build | Barracks |
| 8:15 | Queue | Villager (Male) |
| 8:15 | Queue | Villager (Male) |
| 8:50 | Build | House |
| 8:54 | Build | Mining Camp |
| 8:55 | Queue | Militia |
| 8:55 | Queue | Militia |
| 9:13 | Queue | Militia |
| 9:22 | Queue | Villager (Male) |
| 9:24 | Age | Feudal Age |
| 10:09 | Queue | Villager (Male) |
| 10:10 | Research | Man-at-Arms (upgrade) |
| 10:16 | Build | Archery Range |
| 10:32 | Queue | Villager (Male) |
| 10:42 | Build | House |
| 10:45 | Build | House |
| 10:47 | Queue | Villager (Male) |
| 10:57 | Queue | Villager (Male) |
| 11:03 | Build | Lumber Camp |
| 11:50 | Queue | Villager (Male) |
| 11:58 | Build | Mill |
| 12:00 | Queue | Villager (Male) |
| 12:14 | Build | House |
| 12:17 | Build | Palisade Wall |
| 12:17 | Build | Palisade Wall |
| 12:19 | Queue | Villager (Male) |
| 12:25 | Build | Farm |
| 12:33 | Queue | Archer |
| 12:34 | Queue | Archer |
| 12:47 | Build | Blacksmith |
| 13:14 | Build | Farm |
| 13:23 | Build | Farm |
| 13:25 | Research | Double-Bit Axe |
| 13:40 | Build | Farm |
| 13:45 | Build | House |
| 13:48 | Queue | Archer |
| 13:56 | Queue | Villager (Male) |
| 13:57 | Queue | Villager (Male) |
| 13:59 | Build | Farm |
| 14:00 | Build | Farm |
| 14:15 | Build | House |
| 14:20 | Build | Palisade Wall |
| 14:22 | Build | Palisade Wall |
| 14:25 | Queue | Villager (Male) |
| 14:36 | Queue | Archer |
| 14:50 | Queue | Villager (Male) |
| 14:57 | Build | Archery Range |
| 15:11 | Build | Palisade Gate |
| 15:12 | Queue | Villager (Male) |
| 15:15 | Queue | Archer |
| 15:24 | Build | Farm |
| 15:26 | Build | Farm |
| 15:27 | Queue | Villager (Male) |
| 15:47 | Queue | Villager (Male) |
| 15:49 | Queue | Archer |
| 15:52 | Queue | Archer |
| 15:52 | Queue | Archer |
| 15:59 | Queue | Villager (Male) |
| 16:05 | Queue | Archer |
| 16:11 | Build | Farm |
| 16:16 | Research | Fletching |
| 16:31 | Build | House |
| 16:38 | Build | House |
| 16:39 | Build | House |
| 16:42 | Build | Farm |
| 16:44 | Research | Horse Collar |
| 16:45 | Queue | Villager (Male) |
| 16:46 | Queue | Archer |
| 16:47 | Queue | Archer |
| 17:02 | Queue | Archer |
| 17:03 | Queue | Archer |
| 17:11 | Build | Farm |
| 17:24 | Build | Farm |
| 17:30 | Queue | Archer |
| 17:31 | Queue | Archer |
| 17:49 | Queue | Skirmisher |
| 17:49 | Queue | Skirmisher |
| 17:54 | Queue | Villager (Male) |
| 18:11 | Queue | Villager (Male) |
| 18:24 | Queue | Villager (Male) |
| 18:33 | Queue | Skirmisher |
| 18:34 | Queue | Skirmisher |
| 18:34 | Queue | Archer |
| 18:35 | Queue | Archer |
| 18:55 | Queue | Villager (Male) |
| 19:01 | Queue | Villager (Male) |
| 19:11 | Queue | Villager (Male) |
| 19:24 | Queue | Archer |
| 19:24 | Queue | Archer |
| 19:35 | Build | Farm |
| 19:37 | Build | Farm |
| 19:44 | Build | House |
| 19:56 | Build | Farm |
| 20:05 | Research | Padded Archer Armor |
| 20:10 | Build | Farm |
| 20:11 | Build | Farm |
| 20:11 | Build | Farm |
| 20:13 | Build | Farm |
| 20:14 | Build | Farm |
| 20:19 | Queue | Villager (Male) |
| 20:19 | Queue | Villager (Male) |
| 20:23 | Build | Farm |
| 20:27 | Build | Farm |
| 20:31 | Queue | Archer |
| 20:40 | Build | Farm |
| 20:46 | Build | House |
| 20:49 | Build | House |
| 20:50 | Build | House |
| 20:51 | Build | House |
| 20:53 | Queue | Villager (Male) |
| 20:59 | Queue | Archer |
| 20:59 | Queue | Archer |
| 21:40 | Build | Stable |
| 21:42 | Queue | Villager (Male) |
| 22:00 | Queue | Villager (Male) |
| 22:07 | Build | Farm |
Match timeline
| 4:49 | TheMangledBadger · wall_segment Palisade Wall x3 |
| 4:52 | 帝国的铁汉 · first_building Barracks |
| 6:48 | TheMangledBadger · wall_segment Palisade Wall x1 |
| 8:01 | TheMangledBadger · first_building Barracks |
| 9:24 | TheMangledBadger · age_up feudal |
| 10:16 | TheMangledBadger · first_building Archery Range |
| 11:41 | 帝国的铁汉 · wall_segment Palisade Wall x11 |
| 12:17 | TheMangledBadger · wall_segment Palisade Wall x6 |
| 12:17 | TheMangledBadger · wall_segment Palisade Wall x1 |
| 13:04 | 帝国的铁汉 · age_up feudal |
| 13:08 | 帝国的铁汉 · first_building Archery Range |
| 14:20 | TheMangledBadger · wall_segment Palisade Wall x18 |
| 14:22 | TheMangledBadger · wall_segment Palisade Wall x4 |
| 21:40 | TheMangledBadger · first_building Stable |
| 21:47 | 帝国的铁汉 · wall_segment Palisade Wall x11 |
| 21:51 | 帝国的铁汉 · wall_segment Palisade Wall x6 |
| 22:55 | 帝国的铁汉 · age_up castle |
| 23:05 | 帝国的铁汉 · wall_segment Palisade Wall x5 |
| 24:08 | 帝国的铁汉 · first_building Castle |
| 25:32 | 帝国的铁汉 · wall_segment Palisade Wall x5 |
| 25:42 | TheMangledBadger · age_up castle |
| 28:25 | 帝国的铁汉 · first_building Monastery |
| 30:43 | 帝国的铁汉 · wall_segment Palisade Wall x15 |
| 30:53 | TheMangledBadger · first_building Monastery |
| 32:19 | TheMangledBadger · first_market_sell 100 wood |
| 32:20 | TheMangledBadger · first_market_buy 100 stone |
| 33:03 | 帝国的铁汉 · wall_segment Palisade Wall x7 |
| 33:12 | TheMangledBadger · first_building Siege Workshop |
| 35:42 | 帝国的铁汉 · wall_segment Palisade Wall x11 |
| 35:57 | 帝国的铁汉 · first_building Siege Workshop |
| 39:41 | TheMangledBadger · first_building Castle |
| 40:07 | TheMangledBadger · age_up imperial |
| 44:50 | TheMangledBadger · resign |
[ AI ANALYSIS · 1 CREDIT ]
What really happened in this match?
Wolo.gg analyzes every decision: build order, eco, micro, common mistakes by bracket. Personalized analysis on WhatsApp or Discord in 30 seconds.
Civ guide
Goths
Perfil
Jugador #10204378